HSSL
MOUNTAIN POINTE HS @ MADAWASKA VALLEY HS WOLVES
04/04/2030
 
TOP OF THE 1ST
Mountain Pointe HS batting - Pitching for Madawaska Valley HS Wolves : RHP Francisco Romo
Pitching: RHP Francisco Romo
Batting: LHB Jesús Romero 0-0: Called Strike
0-1: Ground out 5-3 (Groundball, 5L)
Batting: RHB Reggie Snyder 0-0: Called Strike
0-1: Ball
1-1: Ball
2-1: Ball
3-1: Base on Balls
Batting: RHB Matt Lehman 0-0: Called Strike
0-1: Ball
1-1: Ball
2-1: Foul Ball, location: 2F
2-2: SINGLE (Groundball, 56S) (infield hit)
Reggie Snyder to second
Batting: LHB Jeff Turner 0-0: Called Strike
0-1: Ball
1-1: Swinging Strike
1-2: Foul Ball, location: 2F
1-2: Foul Ball, location: 2F
1-2: Foul Ball, location: 2F
1-2: Ball
2-2: SINGLE (Line Drive, 6MD)
Reggie Snyder to third
Matt Lehman to second
Batting: RHB Vince Scovell 0-0: Foul Ball, location: 2F
0-1: Ball
1-1: Ball
2-1: Ball
3-1: Foul Ball, location: 2F
3-2: Base on Balls
Reggie Snyder scores
Matt Lehman to third
Jeff Turner to second
Batting: LHB Aaron Lancaster 0-0: Ball
1-0: Called Strike
1-1: Foul Ball, location: 2F
1-2: Foul Ball, location: 2F
1-2: Ball
2-2: Ball
3-2: Foul Ball, location: 2F
3-2: SINGLE (Groundball, 34D)
Matt Lehman scores
Jeff Turner to third
Vince Scovell to second
Batting: SHB Zach Weaver 0-0: Ball
1-0: Foul Ball, location: 2F
1-1: Ground out U3 (Groundball, 34S)
Jeff Turner scores
Vince Scovell to third
Aaron Lancaster to second
Batting: RHB Mike Ware 0-0: Called Strike
0-1: Ball
1-1: Swinging Strike
1-2: Foul Ball, location: 2F
1-2: Ball
2-2: Ball
3-2: Base on Balls
Batting: RHB Mark Fry 0-0: Called Strike
0-1: Ball
Wild Pitch!
Vince Scovell scores
Aaron Lancaster to third
Mike Ware to second
1-1: Called Strike
1-2: Ball
2-2: Ball
3-2: Foul Ball, location: 2F
3-2: Strikes out swinging
Top of the 1st over - 4 runs, 3 hits, 0 errors, 2 left on base; Mountain Pointe HS 4 - Madawaska Valley HS 0
BOTTOM OF THE 1ST
Madawaska Valley HS Wolves batting - Pitching for Mountain Pointe HS : RHP Gerald Wilson
Pitching: RHP Gerald Wilson
Batting: LHB Eugene Rogers 0-0: Called Strike
0-1: Fly out, F9 (Flyball, 9)
Batting: LHB Carl Childs 0-0: Called Strike
0-1: Swinging Strike
0-2: Strikes out looking
Batting: LHB Marvin Martin 0-0: Foul Ball, location: 2F
0-1: Ball
1-1: Ball
2-1: Called Strike
2-2: Ball
3-2: Foul Ball, location: 2F
3-2: Fly out, F9 (Flyball, 9S)
Bottom of the 1st over - 0 runs, 0 hits, 0 errors, 0 left on base; Mountain Pointe HS 4 - Madawaska Valley HS 0
TOP OF THE 2ND
Mountain Pointe HS batting - Pitching for Madawaska Valley HS Wolves : RHP Francisco Romo
Batting: LHB Jesús Romero 0-0: Swinging Strike
0-1: Foul Ball, location: 2F
0-2: Foul Ball, location: 2F
0-2: Ball
1-2: Ball
2-2: Ball
3-2: DOUBLE (Line Drive, 9LD)
Batting: RHB Reggie Snyder 0-0: Ball
1-0: Ball
2-0: Ball
3-0: Base on Balls
Batting: RHB Matt Lehman 0-0: Called Strike
0-1: Ball
1-1: Ball
2-1: Swinging Strike
2-2: Fly out, F7 (Flyball, 78D)
Batting: LHB Jeff Turner 0-0: Ball
1-0: Ball
2-0: Foul Ball, location: 2F
2-1: Ground out 6-3 (Groundball, 6M)
Jesús Romero to third
Reggie Snyder to second
Batting: RHB Vince Scovell 0-0: Ball
1-0: Ball
2-0: Ball
3-0: Called Strike
3-1: Base on Balls
Batting: LHB Aaron Lancaster 0-0: Ball
1-0: Swinging Strike
1-1: Ball
2-1: SINGLE (Groundball, 34D)
Jesús Romero scores
Reggie Snyder to third
Vince Scovell to second
Runner from 3rd tries for Home, SAFE, throw made home
Pitching: RHP Jeff Pollard
Batting: SHB Zach Weaver 0-0: SINGLE (Line Drive, 7LS)
Vince Scovell to third
Aaron Lancaster to second
Batting: RHB Mike Ware 0-0: Ball
1-0: Fielders Choice at 2nd, 6-4 (Groundball, 6)
Top of the 2nd over - 2 runs, 3 hits, 0 errors, 3 left on base; Mountain Pointe HS 6 - Madawaska Valley HS 0
BOTTOM OF THE 2ND
Madawaska Valley HS Wolves batting - Pitching for Mountain Pointe HS : RHP Gerald Wilson
Batting: LHB Ricardo Carrillo 0-0: Called Strike
0-1: Foul Ball, location: 2F
0-2: Ball
1-2: SINGLE (Flyball, 9LS)
Batting: LHB Bob Stafford 0-0: DOUBLE (Flyball, 8RD)
Ricardo Carrillo to third
Batting: RHB Bill Martínez 0-0: Ball
1-0: Ball
2-0: DOUBLE (Line Drive, 9LM)
Ricardo Carrillo scores
Bob Stafford scores
Batting: RHB Rory Dickey 0-0: Swinging Strike
0-1: Ground out 4-3 (Groundball, 4M)
Bill Martínez to third
Batting: RHB Jim Barnes 0-0: TRIPLE (Flyball, 89XD)
Bill Martínez scores
Batting: SHB Robert Bradshaw 0-0: Called Strike
0-1: Foul Ball, location: 2F
0-2: Foul Ball, location: 2F
0-2: Ball
1-2: Ground out 6-3 (Groundball, 6)
Jim Barnes scores
Batting: LHB Eugene Rogers 0-0: Called Strike
0-1: Swinging Strike
0-2: Foul Ball, location: 2F
0-2: Ball
1-2: Ground out 4-3 (Groundball, 4)
Bottom of the 2nd over - 4 runs, 4 hits, 0 errors, 0 left on base; Mountain Pointe HS 6 - Madawaska Valley HS 4
TOP OF THE 3RD
Mountain Pointe HS batting - Pitching for Madawaska Valley HS Wolves : RHP Jeff Pollard
Batting: RHB Mark Fry 0-0: Called Strike
0-1: Ball
1-1: SINGLE (Line Drive, 8LS)
Batting: LHB Jesús Romero 0-0: Called Strike
0-1: Foul Ball, location: 2F
0-2: Ball
1-2: Strikes out swinging
Batting: RHB Reggie Snyder 0-0: Fly out, F8 (Flyball, 8LD)
Batting: RHB Matt Lehman 0-0: Called Strike
0-1: SINGLE (Groundball, 56) (infield hit)
Mark Fry to second
Batting: LHB Jeff Turner 0-0: Ball
1-0: Called Strike
1-1: Ground out 3-1 (Groundball, 34)
Top of the 3rd over - 0 runs, 2 hits, 0 errors, 2 left on base; Mountain Pointe HS 6 - Madawaska Valley HS 4
BOTTOM OF THE 3RD
Madawaska Valley HS Wolves batting - Pitching for Mountain Pointe HS : RHP Gerald Wilson
Batting: LHB Carl Childs 0-0: Foul Ball, location: 2F
0-1: Foul Ball, location: 2F
0-2: Ball
1-2: Foul Ball, location: 2F
1-2: Strikes out looking
Batting: LHB Marvin Martin 0-0: Called Strike
0-1: SINGLE (Groundball, 56D)
Batting: LHB Ricardo Carrillo 0-0: Foul Ball, location: 2F
0-1: Swinging Strike
0-2: Ball
1-2: Foul Ball, location: 2F
1-2: Foul Ball, location: 2F
1-2: SINGLE (Groundball, 34D)
Marvin Martin to second
Runner from 2nd tries for 3rd, SAFE, throw made to third
Batting: LHB Bob Stafford 0-0: Foul Ball, location: 2F
0-1: Ball
1-1: Foul Ball, location: 2F
1-2: Ball
2-2: Ball
3-2: Foul Ball, location: 2F
3-2: Fly out, F9 (Flyball, 9LSF)
Runner from 3rd tags up, SCORES, no throw
Batting: RHB Bill Martínez 0-0: Fly out, F8 (Line Drive, 8LM)
Bottom of the 3rd over - 1 run, 2 hits, 0 errors, 1 left on base; Mountain Pointe HS 6 - Madawaska Valley HS 5
TOP OF THE 4TH
Mountain Pointe HS batting - Pitching for Madawaska Valley HS Wolves : RHP Jeff Pollard
Batting: RHB Vince Scovell 0-0: Ball
1-0: SINGLE (Line Drive, 56D)
Batting: LHB Aaron Lancaster 0-0: Ball
1-0: Fielders Choice at 2nd, 4-6 (Groundball, 4)
Batting: SHB Zach Weaver 0-0: Swinging Strike
0-1: Ball
1-1: Ball
2-1: Swinging Strike
2-2: Foul Ball, location: 2F
2-2: Grounds into double play, 4-6-3 (Groundball, 4)
Top of the 4th over - 0 runs, 1 hit, 0 errors, 0 left on base; Mountain Pointe HS 6 - Madawaska Valley HS 5
BOTTOM OF THE 4TH
Madawaska Valley HS Wolves batting - Pitching for Mountain Pointe HS : RHP Gerald Wilson
Batting: RHB Rory Dickey 0-0: Foul Ball, location: 2F
0-1: Foul Ball, location: 2F
0-2: Ball
1-2: Ball
2-2: Strikes out swinging
Batting: RHB Jim Barnes 0-0: Called Strike
0-1: Swinging Strike
0-2: Strikes out swinging
Batting: SHB Robert Bradshaw 0-0: Ball
1-0: Ball
2-0: Called Strike
2-1: Foul Ball, location: 2F
2-2: Ball
3-2: Ground out 6-3 (Groundball, 6MD)
Bottom of the 4th over - 0 runs, 0 hits, 0 errors, 0 left on base; Mountain Pointe HS 6 - Madawaska Valley HS 5
TOP OF THE 5TH
Mountain Pointe HS batting - Pitching for Madawaska Valley HS Wolves : RHP Jeff Pollard
Batting: RHB Mike Ware 0-0: SOLO HOME RUN (Flyball, 7D), Distance : 407 ft
Batting: RHB Mark Fry 0-0: Ball
1-0: Foul Ball, location: 2F
1-1: Ball
2-1: Ball
3-1: Foul Ball, location: 2F
3-2: Base on Balls
Batting: LHB Jesús Romero 0-0: Ball
1-0: Ball
2-0: Ball
3-0: Called Strike
3-1: Reached via error on a dropped throw, E3
Mark Fry to second
Batting: RHB Reggie Snyder 0-0: Ball
1-0: Called Strike
1-1: Ball
2-1: Ball
3-1: Base on Balls
Mark Fry to third
Jesús Romero to second
Batting: RHB Matt Lehman 0-0: Called Strike
0-1: Ball
1-1: DOUBLE (Flyball, 8LXD)
Mark Fry scores
Jesús Romero scores
Reggie Snyder to third
Batting: LHB Jeff Turner 0-0: Intentional Walk
Batting: RHB Vince Scovell 0-0: Foul Ball, location: 2F
0-1: Ball
1-1: Foul Ball, location: 2F
Error on foul ball, E2
1-2: Ball
2-2: Ball
3-2: SINGLE (Line Drive, 56)
Reggie Snyder scores
Matt Lehman to third
Jeff Turner to second
Pitching: RHP José Nevárez
Batting: LHB Aaron Lancaster 0-0: Called Strike
0-1: Ball
1-1: Ball
2-1: Ball
3-1: Base on Balls
Matt Lehman scores
Jeff Turner to third
Vince Scovell to second
Batting: SHB Zach Weaver 0-0: Called Strike
0-1: Ball
1-1: Ball
2-1: Ground out 3-1 (Groundball, 34S)
Jeff Turner scores
Vince Scovell to third
Aaron Lancaster to second
Batting: RHB Mike Ware 0-0: Called Strike
0-1: Ball
1-1: Foul Ball, location: 2F
1-2: Foul Ball, location: 2F
1-2: DOUBLE (Line Drive, 78D)
Vince Scovell scores
Aaron Lancaster scores
Batting: RHB Mark Fry 0-0: Ball
Mike Ware is caught stealing 3rd base
1-0: Ball
2-0: Foul Ball, location: 2F
2-1: Foul Ball, location: 2F
2-2: Ball
3-2: Strikes out looking
Top of the 5th over - 8 runs, 4 hits, 2 errors, 0 left on base; Mountain Pointe HS 14 - Madawaska Valley HS 5
BOTTOM OF THE 5TH
Madawaska Valley HS Wolves batting - Pitching for Mountain Pointe HS : RHP Gerald Wilson
Batting: LHB Eugene Rogers 0-0: Foul Ball, location: 2F
0-1: Called Strike
0-2: Ball
1-2: Ball
2-2: Strikes out swinging
Batting: LHB Carl Childs 0-0: Called Strike
0-1: Ball
1-1: Ball
2-1: Ball
3-1: Base on Balls
Batting: LHB Marvin Martin 0-0: Ball
1-0: Called Strike
1-1: Ball
2-1: Ball
3-1: Fly out, F4 (Popup, 4MD)
Pitching: LHP Dan Baker
Batting: LHB Ricardo Carrillo 0-0: Ball
1-0: Called Strike
1-1: Swinging Strike
1-2: Ball
Carl Childs is caught stealing 2nd base
Bottom of the 5th over - 0 runs, 0 hits, 0 errors, 0 left on base; Mountain Pointe HS 14 - Madawaska Valley HS 5
TOP OF THE 6TH
Mountain Pointe HS batting - Pitching for Madawaska Valley HS Wolves : RHP José Nevárez
Batting: LHB Jesús Romero 0-0: Ball
1-0: Fly out, F8 (Flyball, 8LM)
Batting: RHB Reggie Snyder 0-0: Called Strike
0-1: Ball
1-1: Ball
2-1: Fly out, F9 (Flyball, 9LS)
Batting: RHB Matt Lehman 0-0: Ball
1-0: Ball
2-0: SINGLE (Line Drive, 34D)
Batting: LHB Jeff Turner 0-0: Ball
1-0: Ball
2-0: Called Strike
2-1: Ball
3-1: Base on Balls
Matt Lehman to second
Batting: RHB Vince Scovell 0-0: Ball
1-0: Swinging Strike
1-1: Fly out, F4 (Popup, 4M)
Top of the 6th over - 0 runs, 1 hit, 0 errors, 2 left on base; Mountain Pointe HS 14 - Madawaska Valley HS 5
BOTTOM OF THE 6TH
Madawaska Valley HS Wolves batting - Pitching for Mountain Pointe HS : LHP Dan Baker
Batting: LHB Ricardo Carrillo 0-0: Ball
1-0: Ball
2-0: Ball
3-0: Called Strike
3-1: Foul Ball, location: 2F
3-2: Fly out, F5 (Popup, 5S)
Batting: LHB Bob Stafford 0-0: Called Strike
0-1: Foul Ball, location: 2F
0-2: Strikes out swinging
Batting: RHB Bill Martínez 0-0: Ball
1-0: Swinging Strike
1-1: Swinging Strike
1-2: SINGLE (Groundball, 4MD)
Batting: RHB Rory Dickey 0-0: Called Strike
0-1: Called Strike
0-2: Foul Ball, location: 2F
0-2: Ball
1-2: Foul Ball, location: 2F
1-2: Ball
2-2: Strikes out swinging, 2-3 out at first.
Bottom of the 6th over - 0 runs, 1 hit, 0 errors, 1 left on base; Mountain Pointe HS 14 - Madawaska Valley HS 5
TOP OF THE 7TH
Mountain Pointe HS batting - Pitching for Madawaska Valley HS Wolves : RHP José Nevárez
Batting: LHB Aaron Lancaster 0-0: Called Strike
0-1: Ball
1-1: Ball
2-1: Ball
3-1: Foul Ball, location: 2F
3-2: Strikes out swinging
Batting: SHB Zach Weaver 0-0: Foul Ball, location: 2F
0-1: Ball
1-1: Swinging Strike
1-2: Strikes out looking
Batting: RHB Mike Ware 0-0: Called Strike
0-1: Foul Ball, location: 2F
0-2: Ball
1-2: Foul Ball, location: 2F
1-2: Foul Ball, location: 2F
1-2: Ball
2-2: Strikes out looking
Top of the 7th over - 0 runs, 0 hits, 0 errors, 0 left on base; Mountain Pointe HS 14 - Madawaska Valley HS 5
BOTTOM OF THE 7TH
Madawaska Valley HS Wolves batting - Pitching for Mountain Pointe HS : LHP Dan Baker
Batting: RHB Jim Barnes 0-0: Ground out 5-3 (Groundball, 56S)
Batting: SHB Robert Bradshaw 0-0: Ball
1-0: Fly out, F7 (Flyball, 7)
Batting: LHB Eugene Rogers 0-0: Called Strike
0-1: Foul Ball, location: 2F
0-2: Ball
1-2: Foul Ball, location: 2F
1-2: Ball
2-2: Fly out, F4 (Line Drive, 4)
Bottom of the 7th over - 0 runs, 0 hits, 0 errors, 0 left on base; Mountain Pointe HS 14 - Madawaska Valley HS 5
TOP OF THE 8TH
Mountain Pointe HS batting - Pitching for Madawaska Valley HS Wolves : RHP José Nevárez
Pitching: LHP Javier Reyes
Batting: RHB Mark Fry 0-0: Ball
1-0: Ball
2-0: Ball
3-0: Base on Balls
Batting: LHB Jesús Romero 0-0: Ball
1-0: Ball
2-0: 2-RUN HOME RUN (Flyball, 9LD), Distance : 350 ft
Batting: RHB Reggie Snyder 0-0: Ball
1-0: Ball
2-0: Ball
3-0: Called Strike
3-1: Ground out 5-3 (Groundball, 56)
Batting: RHB Matt Lehman 0-0: Called Strike
0-1: Ball
1-1: Ball
2-1: Foul Ball, location: 2F
2-2: Foul Ball, location: 2F
2-2: Foul Ball, location: 2F
2-2: SINGLE (Line Drive, 7S)
Batting: LHB Jeff Turner 0-0: Ball
1-0: Grounds into double play, 6-4-3 (Groundball, 6M)
Top of the 8th over - 2 runs, 2 hits, 0 errors, 0 left on base; Mountain Pointe HS 16 - Madawaska Valley HS 5
BOTTOM OF THE 8TH
Madawaska Valley HS Wolves batting - Pitching for Mountain Pointe HS : LHP Dan Baker
Batting: LHB Carl Childs 0-0: Ball
1-0: Ball
2-0: Ball
3-0: Base on Balls
Batting: LHB Marvin Martin 0-0: Ball
1-0: SINGLE (Line Drive, 89S)
Carl Childs to second
Runner from 2nd tries for 3rd, SAFE, throw made to third
Batting: LHB Ricardo Carrillo 0-0: Fielders Choice at 2nd, 6-4 (Groundball, 6)
Carl Childs scores
Batting: LHB Bob Stafford 0-0: Foul Ball, location: 2F
0-1: Ball
1-1: Ball
2-1: Ball
3-1: Swinging Strike
3-2: Base on Balls
Ricardo Carrillo to second
Batting: RHB Bill Martínez 0-0: Ball
1-0: Ball
2-0: Called Strike
2-1: Ball
3-1: Base on Balls
Ricardo Carrillo to third
Bob Stafford to second
Batting: RHB Rory Dickey 0-0: Foul Ball, location: 2F
0-1: Foul Ball, location: 2F
0-2: Ball
1-2: Ball
2-2: Ball
3-2: SINGLE (Groundball, 56D)
Ricardo Carrillo scores
Bob Stafford to third
Bill Martínez to second
Batting: RHB Jim Barnes 0-0: Ball
1-0: Foul Ball, location: 2F
1-1: Ball
2-1: Fly out, F8 (Flyball, 89D)
Runner from 3rd tags up, SCORES, throw made
Batting: SHB Robert Bradshaw 0-0: Ball
1-0: SINGLE (Groundball, 3D)
Bill Martínez to third
Rory Dickey to second
Runner from 3rd tries for Home, SAFE, no throw
Batting: LHB Eugene Rogers 0-0: Called Strike
0-1: Ball
1-1: Foul Ball, location: 2F
1-2: Ball
2-2: 3-RUN HOME RUN (Flyball, 9LD), Distance : 372 ft
Pitching: LHP Jeff Moore
Batting: LHB Carl Childs 0-0: Ball
1-0: Ball
2-0: Called Strike
2-1: Foul Ball, location: 2F
2-2: Ball
3-2: Strikes out swinging
Bottom of the 8th over - 7 runs, 4 hits, 0 errors, 0 left on base; Mountain Pointe HS 16 - Madawaska Valley HS 12
TOP OF THE 9TH
Mountain Pointe HS batting - Pitching for Madawaska Valley HS Wolves : LHP Javier Reyes
Batting: RHB Vince Scovell 0-0: Swinging Strike
0-1: Ball
1-1: Fly out, F8 (Flyball, 8LM)
Batting: LHB Aaron Lancaster 0-0: Called Strike
0-1: Ball
1-1: Swinging Strike
1-2: Ball
2-2: Ball
3-2: Strikes out swinging
Batting: SHB Zach Weaver 0-0: Ball
1-0: Ground out 4-3 (Groundball, 4)
Top of the 9th over - 0 runs, 0 hits, 0 errors, 0 left on base; Mountain Pointe HS 16 - Madawaska Valley HS 12
BOTTOM OF THE 9TH
Madawaska Valley HS Wolves batting - Pitching for Mountain Pointe HS : LHP Jeff Moore
Pitching: RHP Preston Fisher
Batting: LHB Marvin Martin 0-0: Ball
1-0: Called Strike
1-1: Foul Ball, location: 2F
1-2: Foul Ball, location: 2F
1-2: Ball
2-2: Ball
3-2: Fly out, F8 (Line Drive, 8RXD)
Batting: LHB Ricardo Carrillo 0-0: Ball
1-0: Ball
2-0: DOUBLE (Flyball, 8RXD)
Batting: LHB Bob Stafford 0-0: Fly out, F7 (Flyball, 7)
Batting: RHB Bill Martínez 0-0: Ball
1-0: Ball
2-0: Ball
3-0: Base on Balls
Pitching: RHP David Guy
Batting: RHB Rory Dickey 0-0: Foul Ball, location: 2F
0-1: Ball
1-1: Ball
2-1: Foul Ball, location: 2F
2-2: Foul Ball, location: 2F
2-2: Foul Ball, location: 2F
2-2: Fielders Choice at 2nd, 6-4 (Groundball, 6D)
Bottom of the 9th over - 0 runs, 1 hit, 0 errors, 2 left on base; Mountain Pointe HS 16 - Madawaska Valley HS 12
Saturday, April 7th, 2018 - OOTP Baseball 18.8 Build 76